 Dungeon Crawl Stone Soup version 0.29.1-15-g9cfb28693d (webtiles) character file.

Game seed: 792037939951102243

255903 devnull the Phalangite (level 20, -9/164 HPs)
             Began as a Merfolk Gladiator on Mar 27, 2023.
             Was the Champion of Zin.
             Mangled by a vault warden
             ... wielding a +1 vorpal great sword
              (30 damage)
             ... on level 3 of the Vaults on Apr 2, 2023.
             The game lasted 02:53:15 (38428 turns).

devnull the Phalangite (Merfolk Gladiator)         Turns: 38428, Time: 02:53:15

Health: -9/164     AC: 17    Str: 25    XL:     20   Next: 22%
Magic:  32/32      EV: 28    Int: 17    God:    Zin [******]
Gold:   896        SH: 20    Dex: 22    Spells: 28/31 levels left

rFire   + + +      SeeInvis .   a - +9 lance "Wyrmbane" {slay drac, rPois rF+ rC+ AC+3}
rCold   + + +      Faith    .   D - +0 kite shield
rNeg    + . .      Spirit   .   e - +6 scale mail of the Disturbing Mouths {rC+}
rPois   +          Reflect  +   T - -2 hat of the Alchemist {rElec rPois rF+ rC+ rN+ Will+ rMut rCorr}
rElec   +          Harm     .   H - scarf {rC+ rF+}
rCorr   +          Rampage  +   L - +1 pair of gloves of Egalitarianism {Slay+2}
rMut    +                       E - +1 pair of boots {rampage}
Will    ++...                   v - amulet of Jubuq {Reflect Int+4 SH+5}
Stlth   ..........              w - ring of Kicro {Str+6 Dex+6}
HPRegen 0.37/turn               z - +4 ring of evasion
MPRegen 0.23/turn

@: on recite cooldown
A: (nimble swimmer 2), mertail, clever 1
}: 1/15 runes: barnacled
a: Renounce Religion, Recite, Vitalisation, Imprison, Sanctuary, Donate Gold


You were on level 3 of the Vaults.
You worshipped Zin.
Zin was exalted by your worship.
You visited 6 branches of the dungeon, and saw 30 of its levels.
You also visited: Bailey, Ice Cave, Volcano and Desolation.

You collected 4085 gold pieces.
You spent 2956 gold pieces at shops.
You donated 233 gold pieces to Zin.

Inventory:

Hand Weapons
 a - the +9 lance "Wyrmbane" (weapon) {slay drac, rPois rF+ rC+ AC+3}
   (You acquired it on level 12 of the Dungeon)

   It inflicts extra damage against dragons and draconians.
   AC:        It affects your AC (+3).
   rF:        It protects you from fire.
   rC:        It protects you from cold.
   rPois:     It protects you from poison.
 b - a +6 demon trident of venom
Missiles
 d - 9 throwing nets
 f - 24 poisoned darts (quivered)
 C - 3 curare-tipped darts
 P - 6 boomerangs of dispersal
 Z - 7 silver javelins
Armour
 e - the +6 scale mail of the Disturbing Mouths (worn) {rC+}
   (You found it on level 3 of the Vaults)

   rC:        It protects you from cold.
 m - a +3 troll leather armour {Snorg}
 D - a +0 kite shield (worn)
 E - a +1 pair of boots of rampaging (worn)
 G - the +2 robe "Elonify" {rElec Str+4 Int+5}
   (You bought it in a shop on level 2 of the Orcish Mines)

   Str:       It affects your strength (+4).
   Int:       It affects your intelligence (+5).
   rElec:     It insulates you from electricity.
 H - a scarf of resistance (worn)
 L - the +1 pair of gloves of Egalitarianism (worn) {Slay+2}
   (You found it in a bailey)

   Slay:      It affects your accuracy & damage with ranged weapons and melee
   (+2).
 O - a scarf of repulsion
 T - the -2 hat of the Alchemist (worn) {rElec rPois rF+ rC+ rN+ Will+ rMut rCorr}
   (You bought it in a shop on level 2 of the Orcish Mines)

   rF:        It protects you from fire.
   rC:        It protects you from cold.
   rElec:     It insulates you from electricity.
   rPois:     It protects you from poison.
   rN:        It protects you from negative energy.
   rCorr:     It protects you from acid and corrosion.
   rMut:      It protects you from mutation.
   Will:      It increases your willpower.
Jewellery
 v - the amulet of Jubuq (around neck) {Reflect Int+4 SH+5}
   (You found it on level 4 of the Shoals)

   [amulet of reflection]

   It reflects blocked missile attacks.
   Int:       It affects your intelligence (+4).
   SH:        It affects your SH (+5).
 w - the ring of Kicro (left hand) {Str+6 Dex+6}
   (You acquired it on level 12 of the Dungeon)

   [ring of strength]

   Str:       It affects your strength (+6).
   Dex:       It affects your dexterity (+6).
 z - a +4 ring of evasion (right hand)
 V - the amulet of Biaxugo {RegenMP Rampage Drain Str+4 SInv}
   (You found it in the Desolation of Salt)

   [amulet of magic regeneration]

   It increases your rate of magic regeneration.
   Str:       It affects your strength (+4).
   SInv:      It lets you see invisible.
   Drain:     It drains your maximum health when unequipped.
   Rampage:   It bestows one free step when moving towards enemies.
 W - the ring of Guuloden {rPois Will+ Dex+6}
   (You found it in an ice cave)

   [ring of dexterity]

   Dex:       It affects your dexterity (+6).
   rPois:     It protects you from poison.
   Will:      It increases your willpower.
Wands
 c - a wand of flame (7)
 r - a wand of digging (6)
 B - a wand of light (3)
 I - a wand of roots (31)
 X - a wand of mindburst (27)
Scrolls
 j - a scroll of brand weapon
 k - 20 scrolls of teleportation
 l - 4 scrolls of enchant armour
 q - 3 scrolls of summoning
 u - 5 scrolls of enchant weapon
 y - a scroll of identify
 A - 4 scrolls of blinking
 F - 3 scrolls of poison
 J - 5 scrolls of butterflies
 Q - a scroll of silence
 Y - 4 scrolls of immolation
Potions
 g - 7 potions of mutation
 h - a potion of berserk rage
 i - 2 potions of attraction
 n - 11 potions of curing
 o - a potion of ambrosia {unknown}
 p - 4 potions of resistance
 s - 3 potions of flight
 t - 5 potions of magic
 x - 5 potions of haste
 K - 5 potions of might
 M - 3 potions of cancellation
 N - 2 potions of heal wounds
 R - 8 potions of brilliance
 S - 3 potions of invisibility
 U - a potion of experience {unknown}


   Skills:
 - Level 15.9 Fighting
 - Level 25.0 Polearms
 - Level 2.0 Throwing
 - Level 21.0 Dodging
 - Level 15.0 Shields
 - Level 6.0 Spellcasting
 + Level 9.2 Ice Magic
 - Level 17.0 Invocations


You had 28 spell levels left.
You knew the following spells:

 Your Spells              Type           Power      Damage    Failure   Level
a - Ozocubu's Armour      Ice            36%        N/A       3%          3

Your spell library contained the following spells:

 Spells                   Type           Power      Damage    Failure   Level
 Magic Dart               Conj           20%        1d4       50%         1
 Necrotise                Necr           20%        1d5       50%         1
 Sting                    Tmut/Pois      20%        1d4       50%         1
 Blink                    Tloc           10%        N/A       63%         2
 Poisonous Vapours        Pois/Air       10%        N/A       63%         2
 Searing Ray              Conj           10%        2d4       63%         2
 Static Discharge         Conj/Air       5%         3-4/arc   63%         2
 Sublimation of Blood     Necr           5%         N/A       63%         2
 Hailstorm                Conj/Ice       20%        3d6       63%         4
 Ice Form                 Ice/Tmut       20%        N/A       63%         4
 Dazzling Flash           Conj/Hex       10%        N/A       86%         3
 Ignite Poison            Fire/Tmut/Pois 5%         N/A       86%         3
 Mephitic Cloud           Conj/Pois/Air  5%         N/A       86%         3
 Portal Projectile        Hex/Tloc       10%        N/A       86%         3
 Tukima's Dance           Hex            5%         N/A       86%         3
 Metabolic Englaciation   Hex/Ice        10%        N/A       93%         5
 Animate Dead             Necr           5%         N/A       99%         4
 Corpse Rot               Necr/Pois/Air  5%         N/A       99%         4
 Fulminant Prism          Conj/Hex       2%         3d6       99%         4
 Iskenderun's Mystic Bla  Conj/Tloc      5%         2d3       99%         4
 Passage of Golubria      Tloc           5%         N/A       99%         4
 Petrify                  Tmut/Erth      5%         N/A       99%         4
 Freezing Cloud           Conj/Ice/Air   7%         6-21      99%         5
 Blade Hands              Tmut           2%         N/A       100%        5
 Fireball                 Conj/Fire      2%         3d4       100%        5
 Irradiate                Conj/Tmut      2%         3d12      100%        5
 Iskenderun's Battlesphe  Conj           5%         2d6       100%        5
 Lightning Bolt           Conj/Air       2%         1d14      100%        5
 Iron Shot                Conj/Erth      2%         9d2       100%        6
 Simulacrum               Ice/Necr       10%        N/A       100%        6
 Starburst                Conj/Fire      2%         6d3       100%        6
 Spellforged Servitor     Conj/Summ      2%         N/A       100%        7
 Borgnjor's Revivificati  Necr           2%         N/A       100%        8
 Discord                  Hex            2%         N/A       100%        8
 Ignition                 Fire           2%         3d3       100%        8
 Maxwell's Capacitive Co  Air            2%         ∞         100%        8


Dungeon Overview and Level Annotations

Branches:
Dungeon (15/15)            Temple (1/1) D:4            Lair (5/5) D:10
 Shoals (4/4) Lair:3       Spider (0/4) Lair:3        Slime (0/5) Lair:5
    Orc (2/2) D:12            Elf (0/3) Orc:2        Vaults (3/5) D:14
  Crypt (0/3) Vaults:2     Depths (0/4) D:15         Bailey (visited)
  IceCv (visited)         Volcano (visited)         Desolation (visited)

Altars:
Ashenzari
Cheibriados
Dithmenos
Elyvilon
Fedhas
Gozag
Hepliaklqana
Kikubaaqudgha
Makhleb
Nemelex Xobeh
Okawaru
Qazlal
Ru
Sif Muna
Trog
Uskayaw
Vehumet
Wu Jian
Xom
Yredelemnul
Zin
The Shining One
Lugonu

Shops:
D:7 *=   D:13 *   D:15 [   Orc:1 ?   Orc:2 :[(*   Vaults:2 =

Portals:
Abyss: Lair:1

Annotations:
D:8 1 transporter
Lair:3 2 transporters, Xetihies's ghost, journeyman HOFi
Lair:5 1 runed translucent door, Kazon's ghost, journeyman OpTm
Vaults:5 !NO


Innate Abilities, Weirdness & Mutations

((You are very nimble when in or above water. (Stealth+, EV+, Speed+++)))
Your lower body shifts to a powerful aquatic tail in water.
Your mind is acute. (Int +4, Str/Dex -1)


Message History

You completely miss the ironbound preserver.
The ironbound preserver is almost dead.
You impale the ironbound preserver!!
You kill the ironbound preserver!
The vault warden is lost in a daze.
You block the vault guard's attack.
You impale the vault warden!!
The vault warden is moderately wounded.
You puncture the vault warden!
The vault warden is moderately wounded.
You block the vault guard's attack.
The vault guard is lost in a daze.
The vault warden barely misses you.
You closely miss the vault warden.
The vault warden is moderately wounded.
You block the vault warden's attack. You block the vault guard's attack.
You barely miss the vault warden.
The vault warden is moderately wounded.
The runic seals fade away.
You puncture the vault warden!
The vault warden is heavily wounded.
The vault warden is no longer dazed.
The vault guard is lost in a daze.
The vault warden barely misses you.
You puncture the vault warden!
The vault warden is severely wounded.
You puncture the vault warden!
The vault warden is severely wounded.
The vault guard misses you.
The vault warden hits you with a +1 vorpal great sword!!
* * * LOW HITPOINT WARNING * * *
x2 You puncture the vault warden!
The vault warden is almost dead.
The vault guard hits you from afar with a +0 glaive.
* * * LOW HITPOINT WARNING * * *
You block the vault warden's attack.
You hit the vault warden.
The vault warden is almost dead.
You hit the vault warden.
The vault warden is almost dead.
The vault guard is lost in a daze.
The vault warden hits you with a +1 vorpal great sword!!
You die...

#...< #.... #...
######+# #
#......######## ...
#......#......#
.....#p.....#......#
.^.<.p.@....+......#####
.....#.p....#....[.'....
... #......#..>...#....
. ########..[...#....
#......#....
#......#....
#####''##....
#.......#....
#}......'....


You could see a vault warden and 2 vault guards.

Vanquished Creatures
  Mlioglotl (Shoals:3)
  Jorgrun (Orc:2)
  Asterion (Vaults:3)
  A kraken (Shoals:2)
  A sphinx (Vaults:3)
  2 tengu reavers (Vaults:3)
  Donald (Shoals:2)
  A fire giant (Vaults:3)
  The ghost of Pamiol the Severer, a journeyman DrDe of Nemelex Xobeh (Shoals:1)
  A frost giant (Vaults:3)
  4 vault wardens
  An orc warlord (Orc:2)
  2 imperial myrmidons (Desolation)
  8 ironbound preservers
  3 ironbound thunderhulks (Vaults:1)
  A very ugly thing (Vaults:3)
  2 stone giants (Vaults:3)
  2 halazid warlocks (Desolation)
  2 dire elephants (Lair:5)
  An entropy weaver (Vaults:1)
  A deep elf annihilator (Vaults:3)
  Snorg (Lair:4)
  Josephine (Lair:5)
  An ettin (D:15)
  12 merfolk impalers
  4 merfolk javelineers (Shoals:4)
  4 crystal guardians
  8 ragged hierophants (Desolation)
  5 great orbs of eyes (Vaults:1)
  2 ice dragons
  6 yaktaur captains
  6 servants of whispers
  A boulder beetle (D:13)
  10 hydras
  A rakshasa (D:15)
  6 merfolk avatars
  6 vault guards
  2 catoblepae
  8 peacekeepers
  16 centaur warriors
  6 ironbound frosthearts
  3 alligator snapping turtles
  Erica (D:8)
  7 merfolk aquamancers
  2 ogre magi
  8 two-headed ogres
  15 death yaks
  2 satyrs (Shoals:4)
  An orc high priest (Orc:2)
  Nergalle (D:11)
  Amaemon (D:8)
  12 sea snakes
  5 skeletal warriors (Vaults:2)
  22 deep trolls
  A deep elf archer (Volcano)
  12 ironbound convokers
  A necromancer (Vaults:2)
  Pikel (D:8)
  5 wizards
  7 lindwurms
  10 deep elf pyromancers
  A tengu skeleton (Vaults:2)
  9 harpies
  6 orc knights
  2 cyclopes (shapeshifter)
  25 fauns
  An oklob plant (Shoals:3)
  5 orc sorcerers
  18 manticores
  17 ugly things
  A sphinx skeleton (Vaults:2)
  2 elephants (Lair:5)
  12 cyclopes
  5 black mambas
  12 merfolk sirens
  2 guardian serpents (Desolation)
  Maurice (D:8)
  An ice statue (IceCv)
  7 vault sentinels
  3 water nymphs
  A molten gargoyle (Desolation)
  An orange demon (D:8)
  6 torpor snails
  Psyche (D:11)
  9 cane toads
  3 gargoyles
  2 elf skeletons (Vaults:2)
  A yaktaur (shapeshifter) (D:14)
  A yaktaur zombie (Vaults:2)
  9 komodo dragons
  16 yaktaurs
  An unseen horror (D:12)
  A tengu conjurer (D:15)
  9 rime drakes
  An efreet (D:15)
  A troll (shapeshifter) (D:13)
  15 polar bears
  30 merfolk
  A merfolk (shapeshifter) (Vaults:3)
  3 tyrant leeches (Lair:5)
  2 yaktaur skeletons (Vaults:2)
  6 trolls
  5 wind drakes
  7 hornets (Lair:5)
  59 saltlings
  9 blink frogs
  33 slime creatures
  14 snapping turtles
  30 dream sheep
  4 ettin skeletons (Vaults:2)
  9 water elementals
  8 wraiths
  A jumping spider (Lair:3)
  3 shadows (D:11)
  65 yaks
  9 wyverns
  A centaur simulacrum (D:15)
  An elf simulacrum (Vaults:2)
  7 humans (D:14)
  5 fire elementals (Volcano)
  2 vampires
  2 steam dragons
  4 basilisks
  4 redbacks
  4 vampire mosquitoes
  3 wargs
  15 water moccasins
  4 hell hounds (Volcano)
  5 human skeletons (Vaults:2)
  3 acid dragons
  A glowing shapeshifter skeleton (Vaults:2)
  20 orc warriors
  A sky beast (D:7)
  4 black bears
  7 ogres
  4 ice beasts
  22 wolves
  2 lemures (D:8)
  15 centaurs
  3 phantoms
  A kobold brigand (D:10)
  A necrophage (D:6)
  14 bullfrogs
  3 gnoll sergeants
  A scorpion (D:10)
  A cane toad simulacrum (Lair:3)
  3 wights
  An elephant simulacrum (Lair:3)
  10 killer bees
  8 vampire bats (Bailey)
  8 wolf zombies (Bailey)
  3 electric eels
  5 howler monkeys
  2 jellies
  A gnoll bouda (D:8)
  3 hounds
  5 orc priests
  Jessica (D:2)
  3 iguanas
  10 orc wizards
  5 hell rats (Lair:4)
  A polar bear simulacrum (Lair:3)
  A wolf simulacrum (Lair:3)
  17 gnolls
  5 adders
  2 white imps (D:5)
  An ufetubus (D:6)
  A worm (D:3)
  3 dart slugs
  50 orcs
  11 endoplasms
  3 giant cockroaches
  5 goblins
  7 hobgoblins
  2 quokkas
  5 ball pythons
  8 bats
  14 frilled lizards
  16 kobolds
  20 orc zombies (Bailey)
  4 rats
  3 pillars of salt (Desolation)
1174 creatures vanquished.

Vanquished Creatures (others)
  A harpy (Shoals:2)
  A saltling (Desolation)
  A slime creature (Vaults:2)
  A human (D:14)
  An orc wizard (D:9)
  72 fungi
  A lurking horror (Lair:1)
  2 pillars of salt (Desolation)
  126 plants
  4 tentacles (Shoals:2)
  2 withered plants (Desolation)
212 creatures vanquished.

Grand Total: 1386 creatures vanquished

Notes
Turn   | Place    | Note
-------+----------+-------------------------------------------
     0 | D:1      | devnull the Merfolk Gladiator began the quest for the Orb.
     0 | D:1      | Reached XP level 1. HP: 16/16 MP: 1/1
   305 | D:1      | Reached XP level 2. HP: 18/22 MP: 2/2
   649 | D:1      | Reached skill level 5 in Polearms
   839 | D:1      | Found a glowing silver altar of Zin.
   850 | D:1      | Became a worshipper of Zin the Law-Giver
   921 | D:2      | Found the +8 trident of the Octopus King {venom, rElec
                  | rPois}
   972 | D:2      | Noticed Jessica
  1204 | D:2      | Reached XP level 3. HP: 27/27 MP: 3/3
  1214 | D:2      | Killed Jessica
  1215 | D:2      | Reached skill level 6 in Polearms
  1459 | D:2      | Reached XP level 4. HP: 33/33 MP: 4/4
  1525 | D:2      | Found a faded altar of an unknown god.
  1567 | D:2      | Found a shimmering altar of Xom.
  1760 | D:3      | Found a radiant altar of Vehumet.
  1762 | D:3      | Reached * piety under Zin
  1908 | D:3      | Reached skill level 7 in Polearms
  1908 | D:3      | Reached XP level 5. HP: 30/38 MP: 5/5
  2437 | D:3      | Found a shimmering altar of Xom.
  2561 | D:3      | Reached skill level 8 in Polearms
  2599 | D:3      | Noticed a kobold brigand
  3317 | D:4      | Reached XP level 6. HP: 34/44 MP: 6/6
  3417 | D:4      | Reached ** piety under Zin
  3863 | D:4      | Found a staircase to the Ecumenical Temple.
  3870 | D:4      | Noticed a black bear
  3876 | D:4      | Killed a black bear
  3877 | D:4      | Reached skill level 9 in Polearms
  4056 | Temple   | Entered the Ecumenical Temple
  4285 | D:5      | Entered Level 5 of the Dungeon
  4499 | D:5      | Reached skill level 10 in Polearms
  4563 | D:5      | Reached skill level 5 in Dodging
  4563 | D:5      | Reached XP level 7. HP: 38/50 MP: 7/7
  4739 | D:5      | Reached *** piety under Zin
  5107 | D:5      | Reached XP level 8. HP: 52/57 MP: 8/8
  5738 | D:6      | Reached skill level 5 in Fighting
  6073 | D:7      | Found Pemous's Assorted Antiques.
  6119 | D:7      | Noticed a wyvern
  6131 | D:7      | Killed a wyvern
  6137 | D:7      | Reached XP level 9. HP: 26/69 MP: 9/12
  6660 | D:7      | Reached skill level 5 in Invocations
  6727 | D:7      | Found a shimmering blue altar of Sif Muna.
  7239 | D:7      | Found Belu's Jewellery Shop.
  7358 | D:7      | Reached **** piety under Zin
  7488 | D:7      | Found an ornate altar of the Wu Jian Council.
  7490 | D:7      | Found a hide-covered altar of Uskayaw.
  7505 | D:7      | Found an opulent altar of Gozag.
  7506 | D:7      | Found a sparkling altar of Nemelex Xobeh.
  7621 | D:8      | Reached skill level 1 in Shields
  8168 | D:8      | Found a transporter.
  8182 | D:8      | Found a transporter.
  8190 | D:8      | Found a transporter.
  8471 | D:8      | Noticed an orange demon
  8471 | D:8      | Noticed Amaemon
  8527 | D:8      | Found a transporter.
  8569 | D:8      | Noticed Pikel
  8588 | D:8      | Killed Pikel
  8749 | D:8      | Noticed Erica
  8784 | D:8      | Killed Erica
  8785 | D:8      | Reached XP level 10. HP: 16/76 MP: 12/14
  9109 | D:8      | Noticed Maurice
  9691 | D:8      | Gained mutation: Your mind is acute. (Int +4, Str/Dex -1)
                  | [potion of mutation]
  9704 | D:8      | Killed Amaemon
  9772 | D:8      | Killed an orange demon
  9871 | D:8      | Reached skill level 10 in Shields
  9971 | D:8      | Killed Maurice
 10023 | D:8      | Reached skill level 11 in Polearms
 10440 | D:9      | Reached XP level 11. HP: 66/79 MP: 15/15
 10508 | D:9      | Reached skill level 12 in Polearms
 10984 | D:9      | Reached skill level 13 in Polearms
 11369 | D:10     | Entered Level 10 of the Dungeon
 11463 | D:10     | Reached skill level 14 in Polearms
 11545 | D:10     | Found a flagged portal.
 11611 | Bailey   | Entered a bailey
 11919 | Bailey   | Identified the +1 pair of gloves of Egalitarianism {Slay+2}
 11991 | Bailey   | Reached ***** piety under Zin
 12047 | Bailey   | Identified the +7 morningstar "Okhiojof" {vamp, rC+ rCorr
                  | Str+6 Stlth+}
 12415 | D:10     | Found a glowing silver altar of Zin.
 12473 | D:10     | Found a staircase to the Lair.
 12543 | D:10     | Noticed a two-headed ogre
 12566 | D:10     | Killed a two-headed ogre
 12861 | D:10     | Found a glowing silver altar of Zin.
 13041 | D:10     | Found a staircase to the Lair.
 13355 | D:11     | Noticed Nergalle
 13382 | D:11     | Killed Nergalle
 13383 | D:11     | Reached XP level 12. HP: 36/87 MP: 13/16
 13776 | D:11     | Noticed Psyche
 13783 | D:11     | Killed Psyche
 14080 | D:12     | Noticed a four-headed hydra
 14090 | D:11     | Killed a four-headed hydra
 14292 | Lair:1   | Entered Level 1 of the Lair of Beasts
 14398 | Lair:1   | Found a corrupted altar of Lugonu.
 14438 | Lair:1   | Found a one-way gate to the infinite horrors of the Abyss.
 14744 | Lair:1   | Reached skill level 15 in Shields
 14931 | Lair:1   | Found a dark tunnel.
 14942 | Volcano  | Entered a volcano
 15143 | Volcano  | Reached skill level 15 in Polearms
 15154 | Volcano  | Reached XP level 13. HP: 88/93 MP: 17/17
 15184 | Volcano  | Reached skill level 16 in Polearms
 15906 | Lair:2   | Reached skill level 17 in Polearms
 16295 | Lair:2   | Reached skill level 18 in Polearms
 16424 | Lair:2   | Reached ****** piety under Zin
 16770 | Lair:3   | Reached skill level 10 in Dodging
 16920 | Lair:3   | HP: 1/93 [redback (9)]
 17115 | Lair:3   | Found a hole to the Spider Nest.
 17221 | Lair:3   | Noticed Xetihies's ghost (journeyman HOFi)
 17228 | Lair:3   | Found a bloodstained altar of Trog.
 17235 | Lair:3   | Found a transporter.
 17254 | Lair:3   | Found a frozen archway.
 17282 | IceCv    | Entered an ice cave
 17422 | IceCv    | Reached XP level 14. HP: 96/100 MP: 19/19
 17795 | IceCv    | Reached skill level 10 in Invocations
 17916 | IceCv    | Identified the ring of Guuloden {rPois Will+ Dex+6}
 18060 | Lair:3   | Found a transporter.
 18180 | Lair:3   | Found a staircase to the Shoals.
 18823 | Lair:4   | Noticed Snorg
 18850 | Lair:4   | Killed Snorg
 18984 | Shoals:1 | Entered Level 1 of the Shoals
 19266 | Lair:4   | Reached skill level 10 in Fighting
 19306 | Lair:4   | Found a snail-covered altar of Cheibriados.
 19996 | Lair:5   | Entered Level 5 of the Lair of Beasts
 20042 | Lair:4   | Reached skill level 19 in Polearms
 20252 | Lair:5   | Found a staircase to the Slime Pits.
 20325 | Lair:5   | Noticed a dire elephant
 20352 | Lair:5   | Killed a dire elephant
 20353 | Lair:5   | Reached XP level 15. HP: 38/115 MP: 22/22
 20484 | Lair:5   | Identified the +1 ring mail of the Summoning Gods {Will+
                  | Int+4}
 20506 | Lair:5   | Reached skill level 20 in Polearms
 20930 | Lair:5   | Noticed Josephine
 20951 | Lair:5   | Killed Josephine
 21298 | Lair:5   | Found a runed translucent door.
 21664 | Lair:5   | Found a runed translucent door.
 21665 | Lair:5   | Found a shimmering altar of Xom.
 21665 | Lair:5   | Noticed Kazon's ghost (journeyman OpTm)
 22192 | D:12     | Found a staircase to the Orcish Mines.
 22267 | D:12     | Identified 3 scrolls of acquirement
 22268 | D:12     | Acquired the ring of Kicro {Str+6 Dex+6}
 22291 | D:12     | Acquired a +2 vorpal bardiche
 22296 | D:12     | Acquired the +8 lance "Wyrmbane" {slay drac, rPois rF+ rC+
                  | AC+3}
 22296 | D:12     | Found the +8 lance "Wyrmbane" {slay drac, rPois rF+ rC+
                  | AC+3}
 22364 | D:12     | Acquired a manual of Dodging
 22833 | Orc:1    | Entered Level 1 of the Orcish Mines
 22941 | Orc:2    | Entered Level 2 of the Orcish Mines
 22941 | Orc:2    | Found Zurash's Antique Armour Emporium.
 23061 | Orc:2    | Found Bodut's General Store.
 23179 | Orc:2    | Noticed an orc warlord
 23180 | Orc:2    | Found a staircase to the Elven Halls.
 23207 | Orc:2    | Killed an orc warlord
 23219 | Orc:2    | Found Seduk's Antique Weapon Boutique.
 23423 | Orc:2    | Found Hybuw's Book Shop.
 23547 | Orc:2    | Noticed Jorgrun
 23567 | Orc:2    | Killed Jorgrun
 23791 | Orc:1    | Found a burning altar of Makhleb.
 23987 | Orc:1    | Found Orghaeff's Magic Scroll Boutique.
 23996 | Orc:1    | Bought a scroll of acquirement for 936 gold pieces
 23996 | Orc:1    | Bought a scroll of enchant armour for 135 gold pieces
 23996 | Orc:1    | Bought a scroll of identify for 36 gold pieces
 23996 | Orc:1    | Bought a scroll of identify for 36 gold pieces
 23996 | Orc:1    | Bought a scroll of teleportation for 54 gold pieces
 23996 | Orc:1    | Bought a scroll of teleportation for 54 gold pieces
 24003 | Orc:1    | Acquired 544 gold pieces
 24194 | D:7      | Bought the amulet of Fanaticism {rElec rC+ Regen+} for 510
                  | gold pieces
 24361 | Orc:2    | Bought the -2 hat of the Alchemist {rElec rPois rF+ rC+ rN+
                  | Will+ rMut rCorr} for 1038 gold pieces
 24361 | Orc:2    | Found the -2 hat of the Alchemist {rElec rPois rF+ rC+ rN+
                  | Will+ rMut rCorr}
 24407 | Orc:2    | Bought a smoking robe for 125 gold pieces
 24407 | Orc:2    | Identified the +2 robe "Elonify" {rElec Str+4 Int+5} (You
                  | bought it in a shop on level 2 of the Orcish Mines)
 24497 | D:13     | Reached skill level 15 in Invocations
 24518 | D:13     | Reached XP level 16. HP: 122/122 MP: 27/27
 24609 | D:13     | Found Syofeap's General Store.
 24622 | D:13     | Bought a scroll of identify for 32 gold pieces
 24893 | D:13     | Reached skill level 15 in Dodging
 25922 | D:14     | Found a gate to the Vaults.
 26147 | D:15     | Entered Level 15 of the Dungeon
 26443 | D:15     | Found Jinob's Antique Armour Shoppe.
 26553 | D:15     | Found a staircase to the Depths.
 26610 | D:15     | Found a stormy altar of Qazlal.
 27338 | Shoals:1 | Found a runed translucent gate.
 27338 | Shoals:1 | Found a runed translucent gate.
 27338 | Shoals:1 | Found a runed translucent gate.
 27631 | Shoals:1 | Reached XP level 17. HP: 130/133 MP: 28/28
 27651 | Shoals:1 | Identified the +1 ring mail "Neiquwum" {rElec rPois Int-5}
 27962 | Shoals:1 | Noticed Pamiol's ghost (journeyman DrDe)
 28245 | Shoals:2 | Noticed Donald
 28268 | Shoals:2 | Killed Donald
 28423 | Shoals:2 | Noticed a kraken
 28450 | Shoals:2 | Killed a kraken
 29216 | Shoals:3 | Reached skill level 15 in Fighting
 29292 | Shoals:3 | Found a glowing silver altar of Zin.
 29607 | Shoals:3 | Noticed Mlioglotl
 29968 | Shoals:3 | Reached skill level 21 in Polearms
 30159 | Shoals:3 | Paralysed by accursed screaming for 1 turns
 30163 | Shoals:3 | Killed Mlioglotl
 30405 | Shoals:4 | Entered Level 4 of the Shoals
 30665 | Shoals:4 | Identified the amulet of Jubuq {Reflect Int+4 SH+5}
 30742 | Shoals:4 | Reached XP level 18. HP: 149/149 MP: 29/29
 30782 | Shoals:4 | Reached skill level 22 in Polearms
 31108 | Shoals:4 | Got a barnacled rune of Zot
 31486 | Shoals:4 | Reached skill level 23 in Polearms
 31792 | Shoals:1 | Killed Pamiol's ghost
 32047 | Vaults:1 | Entered Level 1 of the Vaults
 32411 | Vaults:1 | Reached skill level 24 in Polearms
 33369 | Vaults:1 | Reached skill level 25 in Polearms
 34008 | Vaults:1 | Learned a level 3 spell: Ozocubu's Armour
 34032 | Vaults:1 | Reached skill level 1 in Ice Magic
 34074 | Vaults:1 | Reached XP level 19. HP: 155/155 MP: 30/30
 34389 | Vaults:2 | Reached skill level 5 in Ice Magic
 34531 | Vaults:2 | Reached skill level 1 in Spellcasting
 34812 | Vaults:2 | Found a crumbling gateway.
 34872 | Desolati | Entered the Desolation of Salt
 35164 | Desolati | Found the +3 robe of Clouds {*Thunder rCloud rElec}
 35180 | Desolati | Reached skill level 5 in Spellcasting
 35274 | Desolati | Got Tutip's Secrets of Orientation and Despicable Arts
 35276 | Desolati | Identified the amulet of Biaxugo {RegenMP Rampage Drain
                  | Str+4 SInv}
 35282 | Desolati | Identified the +6 shortbow of Roepoin Ari {flame, rCorr
                  | Str-3 Dex+2}
 35560 | Desolati | Got Zugreragu's Grimoire of Fetching Toxicity
 35802 | Desolati | Identified the +6 halberd of Ciaschomu {spect, rElec Dex+2
                  | Stlth-}
 35864 | Desolati | Got Masarpha's Papyrus of the Frigid Jaunt
 36709 | Vaults:2 | Found a staircase to the Crypt.
 37267 | Vaults:2 | Found Edenk's Jewellery Shop.
 37359 | Vaults:3 | Identified the +6 scale mail of the Disturbing Mouths {rC+}
 37451 | Vaults:3 | Reached XP level 20. HP: 116/164 MP: 32/32
 37495 | Vaults:3 | Found the +8 storm bow {elec, penet}
 37509 | Vaults:3 | Identified the +8 great sword of Uddez {freeze, *Rage rElec
                  | rC++ MP+9}
 38222 | Vaults:3 | Identified the +4 pair of boots of Conscience {Harm Drain
                  | +Inv Int+4}
 38276 | Vaults:3 | Identified the +5 leather armour of the Dice {Will+}
 38323 | Vaults:3 | Noticed Asterion
 38339 | Vaults:3 | Killed Asterion
 38428 | Vaults:3 | Mangled by a vault warden

Illustrated notes

Levels and vault maps discovered:
D:1:      dpeg_arrival_water_altar, layout_basic, dk_noncrumbling_2,
          st_stairs_7, minmay_lizard_king
D:2:      layout_loops_ring, shapermc_ecumenical_altar_venn, basic_altar,
          uniq_jessica
D:3:      cheibrodos_thug_alley, layout_basic, vehumet_crystals, xom_butterflies
D:4:      layout_basic, minmay_temple_entry_nine_rooms
D:5:      layout_gridville, chequers_serial_rivers_micro_d
D:6:      layout_cave_pools
D:7:      layout_cave_pools, grunt_temple_overflow_opulence, kennysheep_mini,
          chequers_temple_overflow_statue_of_worship, serial_shops, shop,
          nicolae_shop_waterfront, minivault_4, serial_park_tiny_pond
D:8:      layout_gridville, nicolae_transporter_circle, uniq_pikel,
          uniq_amaemon, uniq_erica, uniq_maurice
D:9:      layout_cave_pods, grunt_decor_one_mirror
D:10:     layout_rooms, zin_treasury, due_lair_maze_entry_diamond,
          enter_bailey_2
D:11:     minmay_angry_zag, layout_basic, uniq_nergalle, uniq_psyche
D:12:     layout_small_grid, orc_david_3, gauntlet_entry_generic
D:13:     layout_basic, serial_shops, nicolae_shop_advertising_works
          [nicolae_subvault_shop_adworks], kennysheep_generic_room_12
D:14:     layout_long_grid, ximxim_vaults_locker_room, corexii_leaking_fountain
D:15:     hangedman_depths_entry_civil_slaughter, layout_basic, serial_shops,
          shop, nicolae_qazlal_scattered_showers
Temple:   eino_narrow_crystal_temple
Lair:1:   layout_chaotic_city, lightli_volcano_entry_magma_tube,
          amcnicky_altar_lugonu_corruption
Lair:2:   nzn_winding_woodlands_medium [nzn_winding_woodlands_5x5_checkerboard,
          nzn_winding_woodlands_5x15_concentric,
          nzn_winding_woodlands_5x5_default, nzn_winding_woodlands_5x5_three,
          nzn_winding_woodlands_center_garden,
          nzn_winding_woodlands_5x5_closed_star,
          nzn_winding_woodlands_5x5_open_star, nzn_winding_woodlands_5x15_pool,
          nzn_winding_woodlands_5x5_cross], layout_regular_city,
          nicolae_quartered_pool_little, serial_bayou_pond_e,
          mumra_transporter_accident
Lair:3:   layout_chaotic_city, minmay_shoals_entry_lonely_mermaid,
          spider_nest_entry_a, gammafunk_ghost_wrathful_warriors,
          portal_ice_cave_entry_ice_simulacra, grunt_megastairs_5
Lair:4:   dragon1_lemuel, layout_regular_city, basic_altar, st_stairs_10,
          uniq_snorg
Lair:5:   wormcave, layout_gridlike, hangedman_lair_in_review,
          dpeg_slime_entry_corner, ebering_ghost_xom,
          grunt_forest_small_clearing_treed, infiniplex_staircase_pool,
          serial_bayou_shore_a, uniq_josephine
Shoals:1: layout_shoals, ebering_ghost_rock_garden
Shoals:2: layout_shoals, uniq_donald
Shoals:3: layout_shoals, lemuel_oklob_altar, uniq_mlioglotl
Shoals:4: shoals_end_simple, layout_shoals
Orc:1:    layout_diamond_mine, basic_altar, serial_shops, nicolae_lakefront_shop
Orc:2:    grunt_orc_gardens, layout_diamond_mine, grunt_orc_garden,
          grunt_orc_garden, grunt_orc_garden, grunt_orc_garden,
          nicolae_orc_flooded_monolith, uniq_jorgrun
Vaults:1: dpeg_vaults_monster_row, v_misc_30, nicolae_vaults_quartermaster,
          nicolae_vaults_little_squares_6, nicolae_vaults_diagonal_hallway_6,
          vaults_mumra_hexcomb, nicolae_vaults_rhombus_7, layout_vaults_omnigrid
Vaults:2: portal_desolation_entry_salt, ontoclasm_vaults_ring_large,
          vaults_dpeg_spiral, minmay_crypt_entry_skeletal_spiral,
          ontoclasm_vaults_fire_temple, nicolae_vaults_ring_of_whatevers,
          vaults_room_corners, layout_vaults_chaotic_city, serial_shops, shop
Vaults:3: hangedman_vaults_stitches, vaults_room_stairs_pillars,
          nicolae_vaults_theta, minmay_guarded_unrand_secular_launcher,
          hangedman_vaults_slither, vaults_mumra_minichess,
          hangedman_vaults_capsules, nicolae_vaults_gold_heap,
          ontoclasm_vaults_loading_screen, nicolae_vaults_network_s, v_misc_27,
          layout_vaults_maze_bifur, nicolae_trove_entry_diagonal, uniq_asterion

Skill      XL: |  1  2  3  4  5  6  7  8  9 10 11 12 13 14 15 16 17 18 19 20 |
---------------+-------------------------------------------------------------+-----
Polearms       | 5 6 7 8 10 11 14 15 18 19 20 21 25 | 25.0
Dodging        | 5 8 9 12 21 | 21.0
Fighting       | 6 10 11 15 | 15.9
Invocations    | 4 6 7 10 15 17 | 17.0
Shields        | 7 10 12 15 | 15.0
Ice Magic      | 2 6 9 |  9.2
Spellcasting   | 6 |  6.0
Throwing       | |  2.0

Action                   |  1- 3 |  4- 6 |  7- 9 | 10-12 | 13-15 | 16-18 | 19-21 || total
-------------------------+-------+-------+-------+-------+-------+-------+-------++-------
Melee: Trident           |   109 |   139 |   224 |   719 |  1315 |       |       ||  2506
       Punch             |       |       |     2 |     1 |       |       |       ||     3
       Tailslap          |       |       |       |       |    20 |    80 |       ||   100
       Lance             |       |       |       |       |   190 |  2205 |  1105 ||  3500
Throw: Javelin           |       |       |       |     6 |       |       |       ||     6
       Throwing net      |       |       |       |     4 |       |       |       ||     4
       Dart              |       |       |       |     7 |     2 |     5 |       ||    14
 Cast: Ozocubu's Armour  |       |       |       |       |       |       |    10 ||    10
Invok: Vitalisation      |       |       |     2 |     6 |    11 |    11 |    10 ||    40
       Recite            |       |       |       |     4 |     5 |    12 |    20 ||    41
       Imprison          |       |       |       |     2 |       |       |     2 ||     4
Evoke: Wand              |       |       |       |     7 |     4 |       |       ||    11
  Use: Scroll            |       |     7 |     1 |     9 |    12 |    10 |       ||    39
       Potion            |       |       |       |     3 |     5 |       |     4 ||    12
 Stab: Sleeping          |     4 |     1 |     1 |       |     3 |     9 |     3 ||    21
       Distracted        |       |       |       |       |     6 |     3 |     3 ||    12
       Invisible         |       |       |       |       |     3 |       |     6 ||     9
       Paralysed         |       |       |       |       |     4 |     3 |       ||     7
       Confused          |       |       |       |       |     3 |    36 |    25 ||    64
Armor: Leather armour    |    34 |    14 |    42 |     3 |       |       |       ||    93
       Troll leather arm |       |       |       |   107 |   234 |    97 |    58 ||   496
       Scale mail        |       |       |       |       |       |       |     4 ||     4
Dodge: Dodged            |    47 |    35 |   104 |   320 |   659 |   976 |   527 ||  2668
Block: Kite shield       |       |       |    12 |    70 |   759 |  1248 |   792 ||  2881
       Reflection        |       |       |       |       |       |    60 |    28 ||    88
